 Dungeon Crawl Stone Soup version 0.28.0-45-g0d030f2227 (webtiles) character file.

Game seed: 18135430576540849992

30 seaoflcl the Shield-Bearer (level 3, 0/29 HPs)
             Began as a Human Fighter on Apr 10, 2022.
             Was a Plaything of Xom.
             Slain by a gnoll
             ... wielding a +0 club
              (5 damage)
             ... on level 2 of the Dungeon.
             The game lasted 00:04:08 (1562 turns).

seaoflcl the Shield-Bearer (Human Fighter)          Turns: 1562, Time: 00:04:08

Health: 0/29       AC:  6    Str: 18    XL:     3   Next: 37%
Magic:  3/3        EV:  9    Int:  8    God:    Xom [...*..]
Gold:   49         SH:  4    Dex: 12    Spells: 2/2 levels left

rFire   . . .      SeeInvis .   a - +0 long sword
rCold   . . .      Faith    .   c - +0 buckler
rNeg    . . .      Spirit   .   b - +0 scale mail
rPois   .          Reflect  .   (no helmet)
rElec   .          Harm     .   (no cloak)
rCorr   .          Rampage  .   (no gloves)
Will    .....                   (no boots)
Stlth   ..........              (no amulet)
HPRegen 0.09/turn               (no ring)
MPRegen 0.08/turn               (no ring)

@: no status effects
A: no striking features
a: Renounce Religion


You were on level 2 of the Dungeon.
You worshipped Xom.
You were a favourite toy of Xom.
You visited 1 branch of the dungeon, and saw 3 of its levels.

You collected 77 gold pieces.
You spent 28 gold pieces at shops.

Inventory:

Hand Weapons
 a - a +0 long sword (weapon)
Missiles
 f - 24 sling bullets
Armour
 b - a +0 scale mail (worn)
 c - a +0 buckler (worn)
Magical Staves
 n - a staff of cold
Scrolls
 e - 3 scrolls of teleportation {unknown}
 j - a scroll of identify
 l - a scroll of fog {unknown}
Potions
 d - a potion of might
 g - a potion of ambrosia
 i - a potion of lignification {unknown}
 k - a potion of berserk rage {unknown}
 m - a potion of heal wounds {unknown}


   Skills:
 + Level 3.1 Fighting
 + Level 2.5 Long Blades
 + Level 3.3 Armour
 + Level 0.3 Dodging
 + Level 3.3 Shields


You had 2 spell levels left.
You didn't know any spells.
Your spell library was empty.

Dungeon Overview and Level Annotations

Branches:
Dungeon (3/15)

Altars:
Xom

Shops:
D:1 ?


Message History

Found a stone staircase leading up.
The gnoll hits you with a +0 halberd!
You barely miss the gnoll. "This might be better!"
The gnoll evaporates and reforms as an endoplasm!
You block the endoplasm's attack.
You closely miss the gnoll. The gnoll hits you with a +0 club.
The endoplasm closely misses you.
The gnoll hits you from afar with a +0 spear.
The gnoll hits you with a +0 club.
You hit the gnoll.
The gnoll is moderately wounded.
Xom's power touches on a nearby monster.
The endoplasm evaporates and reforms as a jackal!
You are now a favourite toy of Xom.
The jackal bites you but does no damage.
The gnoll hits you from afar with a +0 spear.
The gnoll hits you with a +0 club. The jackal bites you.
* * * LOW HITPOINT WARNING * * *
There is a stone staircase leading up here.
The jackal bites you but does no damage.
The gnoll hits you with a +0 club.
* * * LOW HITPOINT WARNING * * *
The jackal pauses to sniff the ground.
The jackal barely misses you.
You climb upwards.
There is a stone staircase leading down here.
You feel better. The jackal bites you.
* * * LOW HITPOINT WARNING * * *
The gnoll hits you but does no damage.
You barely miss the gnoll.
The gnoll is moderately wounded.
The jackal bites you but does no damage.
The gnoll hits you with a +0 club.
* * * LOW HITPOINT WARNING * * *
You block the jackal's attack.
You hit the gnoll.
The gnoll is moderately wounded.
The jackal closely misses you. The gnoll hits you with a +0 club.
You die...

.............## #.......#####..
........#.....# #.......##.....
...(....#.....# #.......##.....
...######.....# #.......##....#
........#.....#####.......###...#
........########...).......##...#
..............##...........##...#
#####...(.....##.g.........##...#
..............##@..........##...#
..............##.h...............
..............##.................
..............##.................
...##.........##.........##......
...##.........##.....######......
..............##.....# #.(....
..............##.....# #......
..#...........##.....######......


You could see a gnoll and a jackal.

Vanquished Creatures
  A dart slug (D:1)
  A ball python (D:2)
  4 bats
  2 endoplasms (D:2)
  A giant cockroach (D:1)
  4 goblins
  2 hobgoblins
  2 quokkas (D:1)
  3 frilled lizards
  2 kobolds (D:2)
  3 rats
25 creatures vanquished.

Notes
Turn   | Place    | Note
-------+----------+-------------------------------------------
     0 | D:1      | seaoflcl the Human Fighter began the quest for the Orb.
     0 | D:1      | Reached XP level 1. HP: 18/18 MP: 1/1
   143 | D:1      | Reached XP level 2. HP: 24/24 MP: 2/2
   210 | D:1      | Found Qarah's Magic Scroll Emporium.
   222 | D:1      | Bought a scroll of identify for 28 gold pieces
   384 | D:1      | Found a faded altar of an unknown god.
   408 | D:1      | Prayed at the altar of an unknown god.
   408 | D:1      | Became a worshipper of Xom of Unknown Intent
   411 | D:1      | XOM: divination: detect items
   609 | D:1      | XOM: silly message
   751 | D:2      | Reached XP level 3. HP: 29/29 MP: 3/3
   814 | D:2      | XOM: silly message
   913 | D:2      | XOM: silly message
   956 | D:2      | XOM: noise
  1001 | D:2      | XOM: 6-stop teleportation journey
  1460 | D:2      | XOM: noise
  1552 | D:3      | XOM: polymorph gnoll -> endoplasm
  1554 | D:3      | XOM: polymorph endoplasm -> jackal
  1562 | D:2      | Slain by a gnoll

Illustrated notes

Levels and vault maps discovered:
D:1:      mushboom_english_gardens, layout_basic,
          chequers_ecumenical_altar_island, serial_shops, nicolae_shop_stone,
          supply_closet_lemuel
D:2:      layout_basic, serial_glass, glass_columns_a, glass_columns_b
D:3:      layout_rooms

Action                   || total
-------------------------++-------
Melee: Long sword        ||    83
  Use: Scroll            ||     1
       Potion            ||     2
Armor: Scale mail        ||    51
Dodge: Dodged            ||    51
Block: Buckler           ||    24
